 Dungeon Crawl Stone Soup version 0.31-a0-220-gc2f4f3cf83 (webtiles) character file.

Game seed: 2579705595283377015

9 qw the Shooter (level 2, -1/16 HPs)
             Began as a Gargoyle Hexslinger on July 3, 2023.
             Slain by a hobgoblin (4 damage)
             ... on level 1 of the Dungeon.
             The game lasted 00:00:06 (196 turns).

qw the Shooter (Gargoyle Hexslinger)                 Turns: 196, Time: 00:00:07

Health: -1/16      AC:  4    Str: 11    XL:     2   Next: 16%
Magic:  3/3        EV:  9    Int: 13    God:
Gold:   54         SH:  0    Dex: 12    Spells: 2/3 levels left

rFire   . . .        a - +1 sling
rCold   . . .        (no shield)
rNeg    + . .        c - +0 robe
rPois   inf          (no helmet)
rElec   +            (no cloak)
rCorr   .            (no gloves)
SInv    .            (no boots)
Will    .....        (no amulet)
Stlth   +            (no ring)
HPRegen 0.22/turn    (no ring)
MPRegen 0.08/turn

%: no passive effects
@: constricted
A: sickness immunity, AC +2, negative energy resistance 1, electricity
resistance, torment resistance 1, petrification resistance
a: no special abilities


You were on level 1 of the Dungeon.
You visited 1 branch of the dungeon, and saw 1 of its levels.

You collected 54 gold pieces.


Innate Abilities, Weirdness & Mutations

You are immune to sickness and miasma.
Your stone body is resilient. (AC +2)
You are immune to poison.
You resist negative energy. (rN+)
You are resistant to electric shocks. (rElec)
You are resistant to unholy torment.
You are immune to petrification.


   Skills:
 - Level 1.1 Fighting
 + Level 2.8 Ranged Weapons
 - Level 1.5 Dodging
 - Level 1.0 Spellcasting
 - Level 2.6 Hexes


You had 2 spell levels left.
You knew the following spells:

 Your Spells              Type           Power      Damage    Failure   Level
a - Slow                  Hex            28%        N/A       10%         1

Your spell library contained the following spells:

 Spells                   Type           Power      Damage    Failure   Level
 Inner Flame              Hex/Fire       4%         N/A       43%         3
 Portal Projectile        Hex/Tloc       8%         N/A       43%         3
 Cause Fear               Hex            3%         N/A       67%         4

Inventory:

Hand Weapons
 a - a +1 sling (weapon)
Armour
 c - a +0 robe (worn)
Scrolls
 b - a scroll of poison
 d - a scroll of immolation {unknown}
Potions
 e - 2 potions of heal wounds {unknown}

Dungeon Overview and Level Annotations

Branches:
Dungeon (1/15)

Altars:


Message History

The ball python bites you but does no damage.
You shoot a sling bullet.
The sling bullet closely misses the ball python.
The sling bullet hits the rat.
You kill the rat!
The ball python completely misses you. The ball python constricts you.
A jackal comes into view.
The ball python barely misses you.
You shoot a sling bullet.
The sling bullet barely misses the ball python.
The sling bullet closely misses the hobgoblin.
The sling bullet misses the jackal.
The sling bullet hits the jackal.
The jackal is severely wounded.
The ball python barely misses you. The ball python constricts you.
The ball python bites you but does no damage.
A jackal comes into view.
The ball python bites you but does no damage.
The ball python constricts you.
The ball python bites you but does no damage.
You shoot a sling bullet. The jackal barks!
The sling bullet hits the ball python.
You kill the ball python!
The ball python misses you. The ball python grabs you.
The ball python constricts you. The jackal bites you.
You shoot a sling bullet.
The sling bullet completely misses the ball python.
The ball python barely misses you. The ball python constricts you.
The hobgoblin hits you.
The jackal bites you but does no damage.
The ball python bites you. The ball python constricts you.
The hobgoblin barely misses you.
You shoot a sling bullet.
The sling bullet hits the ball python but does no damage.
The jackal bites you but does no damage.
The ball python bites you but does no damage.
The ball python constricts you.
The jackal bites you but does no damage.
The hobgoblin hits you.
You die...

#.... #.... #....
##...### #......
#...hh
####..Sg##########
.....hh@.......).#
####)..#..#.####.#
.#
#...#....####.###.#
........%%.........#
###.#......####.###.
#.###..#.# #.. #
#.##.####.##.#
.#.###.........##.#
.........>#######.##


You could see 4 jackals, a hobgoblin and a ball python.

Vanquished Creatures
  An endoplasm (D:1)
  2 goblins (D:1)
  A hobgoblin (D:1)
  3 ball pythons (D:1)
  A frilled lizard (D:1)
  3 rats (D:1)
11 creatures vanquished.

Notes
Turn   | Place    | Note
-------+----------+-------------------------------------------
     0 | D:1      | qw the Gargoyle Hexslinger began the quest for the Orb.
     0 | D:1      | Reached XP level 1. HP: 12/12 MP: 2/2
     0 | D:1      | 0 ||| qw: Version: 0.3-a-40-ge99b1a8
     0 | D:1      | 0 ||| qw: Game counter: 480
     0 | D:1      | 0 ||| qw: Melee chars always use a shield: true
     0 | D:1      | 0 ||| qw: God list: Okawaru
     0 | D:1      | 0 ||| qw: Allow faded altars: false
     0 | D:1      | 0 ||| qw: Do Orc after clearing Dungeon:15 true
     0 | D:1      | 0 ||| qw: Do second Lair branch before Depths: true
     0 | D:1      | 0 ||| qw: Lair rune preference: random
     0 | D:1      | 0 ||| qw: Goals: Normal
     0 | D:1      | 0 ||| PLANNING D:1-11
   185 | D:1      | Reached XP level 2. HP: 16/16 MP: 3/3
   195 | D:1      | HP: 4/16 [constriction (1)]
   196 | D:1      | Slain by a hobgoblin

Levels and vault maps discovered:
D:1:      eino_arrival_cavern_e, layout_loops_ring, basic_ecumenical_altar,
          minmay_rat_gold_closets

Action                     || total
---------------------------++-------
   Fire: Sling             ||    36
 Armour: Robe              ||    13
  Dodge: Dodged            ||     9

Table legend:
 A = Non-vault XP
 B = Vault XP
 C = Vault XP percentage of total XP
 D = Non-vault monster count
 E = Vault monster count
 F = Vault count percentage of total count
                 A         B        C        D         E       F
            +---------+---------+-------+---------+---------+-------
      Total |      12 |       2 |  14.3 |       9 |       2 |  18.2
            +---------+---------+-------+---------+---------+-------
        D:1 |      12 |       2 |  14.3 |       9 |       2 |  18.2
            +---------+---------+-------+---------+---------+-------
